 Dungeon Crawl Stone Soup version 0.32-a0-329-ge6c31236d6 (webtiles) character file.

Game seed: 1149416488111623833

3969 Pooter the Cleaver (level 10, 0/90 HPs)
             Began as a Minotaur Fighter on Feb 16, 2024.
             Was an Initiate of Beogh.
             Slain by a hobgoblin
             ... wielding a +0 hand axe
              (3 damage)
             ... in a bailey.
             The game lasted 00:37:48 (6950 turns).

Pooter the Cleaver (Minotaur Fighter)               Turns: 6950, Time: 00:37:48

Health: 0/90       AC: 12    Str: 25    XL:     10   Next: 2%
Magic:  11/11      EV:  7    Int:  5    God:    Beogh [......]
Gold:   282        SH:  5    Dex: 16    Spells: 9/9 levels left

rFire   . . .        a - +4 battleaxe (freeze)
rCold   + . .        (shield currently unavailable)
rNeg    . . .        C - +0 plate armour
rPois   .            (helmet restricted)
rElec   .            (no cloak)
rCorr   .            (no gloves)
SInv    .            l - +0 pair of boots
Will    +....        z - amulet of reflection Stlth
                     I - ring of protection from cold
HPRegen 0.35/turn    o - +6 ring of dexterity
MPRegen 0.12/turn

%: reflection
@: mighty, enlightened, flying, invisible
A: horns 2, retaliatory headbutt
a: Renounce Religion


You were in a bailey.
You worshipped Beogh.
Beogh was noncommittal.
You visited 2 branches of the dungeon, and saw 8 of its levels.
You also visited: Sewer and Bailey.

You collected 282 gold pieces.

Inventory:

Hand Weapons
 a - a +4 battleaxe of freezing (weapon)
   (You took it off a wight on level 6 of the Dungeon)
 b - a +0 sling
   (You found it on level 5 of the Dungeon)
 f - the +6 mace "Masuppeff" {flame, *Rage rPois Int+6 Dex+4}
   (You found it on level 2 of the Dungeon)

   Int+6:     It affects your intelligence (+6).
   Dex+4:     It affects your dexterity (+4).
   rPois:     It protects you from poison *Rage: It berserks you when you make
   melee attacks (+20% chance).
 u - a +1 trident of venom
   (You found it on level 7 of the Dungeon)
 A - a +3 broad axe
   (You found it on level 2 of the Dungeon)
Missiles
 j - 21 poisoned darts
 m - 13 boomerangs (quivered)
 Q - 51 stones
Armour
 c - a +0 buckler
 l - a +0 pair of boots (worn)
   (You found it on level 2 of the Dungeon)
 C - a +0 plate armour (worn)
   (You took it off an orc warrior on level 7 of the Dungeon)
Jewellery
 o - a +6 ring of dexterity (right hand)
   (You found it on level 3 of the Dungeon)
 z - an amulet of reflection (around neck)
   (You found it on level 6 of the Dungeon)
 I - a ring of protection from cold (left hand)
   (You found it on level 2 of the Dungeon)
Scrolls
 g - a scroll of fog
 k - a scroll of enchant armour {unknown}
 p - a scroll of vulnerability {unknown}
 q - a scroll of silence
 s - a scroll of brand weapon {unknown}
 t - 8 scrolls of teleportation {@r4}
 w - a scroll of poison {!r}
 x - 4 scrolls of amnesia
 y - a scroll of noise {!r}
 B - a scroll of revelation {unknown}
Potions
 d - a potion of might
 e - 3 potions of enlightenment
 h - 4 potions of cancellation
 i - 2 potions of invisibility
 n - 2 potions of brilliance {unknown}
 r - a potion of curing {unknown}
 v - a potion of mutation {unknown}


   Skills:
 + Level 8.4 Fighting
 * Level 11.1 Axes
 + Level 7.1 Ranged Weapons
 - Level 3.7 Throwing
 - Level 3.6 Armour
 - Level 3.6 Shields
 * Level 3.0 Invocations
 - Level 3.2 Evocations


You had 9 spell levels left.
You didn't know any spells.
Your spell library contained the following spells:

 Spells                   Type           Power      Damage    Failure   Level
 Magic Dart               Conj           0%         1d3       100%        1
 Blink                    Tloc           0%         N/A       100%        2
 Cigotuvi's Dreadful Rot  Necr/Alch/Air  0%         N/A       100%        2
 Lesser Beckoning         Tloc           0%         N/A       100%        2
 Momentum Strike          Conj/Tloc      0%         3d8       100%        2
 Searing Ray              Conj           0%         2d4       100%        2
 Dispel Undead            Necr           0%         3d6       100%        4
 Fulminant Prism          Conj/Alch      0%         3d5       100%        4
 Martyr's Knell           Necr/Summ      0%         N/A       100%        4
 Death Channel            Necr           0%         N/A       100%        6


Dungeon Overview and Level Annotations

Branches:
Dungeon (7/15) Zot: 26688  Temple (1/1) D:4 Zot: 5900   Sewer (visited)
 Bailey (1/1) Zot: 5882

Altars:
Ashenzari
Cheibriados
Dithmenos
Elyvilon
Gozag
Hepliaklqana
Makhleb
Okawaru
Qazlal
Ru
Sif Muna
Trog
Wu Jian
Xom
Yredelemnul
Zin

Shops:
D:4 (   D:5 (

Annotations:
D:6 2 transporters, dragonking145's ghost, novice FoFi


Innate Abilities, Weirdness & Mutations

You have a pair of horns on your head.
You reflexively headbutt those who attack you in melee.


Message History

The orc warrior hits you with a +0 war axe.
The orc warrior barely misses you.
You barely miss the orc warrior.
You hit the orc warrior but do no damage.
The orc warrior hits you with a +0 battleaxe.
The orc warrior hits you with a +0 war axe!
* * * LOW HITPOINT WARNING * * *
You closely miss the orc warrior. x2
The orc warrior hits you with a +0 battleaxe!
* * * LOW HITPOINT WARNING * * *
The orc warrior hits you with a +0 war axe.
* * * LOW HITPOINT WARNING * * *
You hit the orc warrior but do no damage.
Your headbutt misses the orc warrior.
You hit the orc warrior but do no damage.
You block the orc warrior's attack.
The orc warrior hits you with a +0 war axe!
* * * LOW HITPOINT WARNING * * *
You barely miss the orc warrior. x2; You block the orc warrior's attack.
The orc warrior barely misses you.
The orc warrior hits you with a +0 war axe.
* * * LOW HITPOINT WARNING * * *
The orc warrior hits you with a +0 battleaxe.
* * * LOW HITPOINT WARNING * * *
Okay, then.
You slice the orc warrior!! You freeze the orc warrior!
You kill the orc warrior!
Beogh accepts your kill.
You hit the orc warrior but do no damage.
The orc warrior grimaces.
The orc warrior hits you with a +0 battleaxe!
* * * LOW HITPOINT WARNING * * *
Unknown command.
Okay, then.
You slice the orc warrior!! You freeze the orc warrior!
You kill the orc warrior!
Beogh accepts your kill.
You slice the orc warrior!! You freeze the orc warrior.
You kill the orc warrior!
Beogh accepts your kill.
Your Invocations skill increases to level 3!
You have reached level 10!
It was a potion of enlightenment.
You feel very buoyant.
You fly up into the air.
The hobgoblin hits you but does no damage.
It was a potion of invisibility.
You fade into invisibility!
The hobgoblin hits you with a +0 hand axe.
You die...

###.### ###.
###.....### ###...
##.........###.....
#...........#......
#.........)))......
#.....⌠...))#.....⌠
#...........#......
#...........#......
##@).......###.....
#g#.....### ###...
oo###.### ###. .g..
### ## ..... #
....... # ...⌠....
# .........ß # #


You could see an orc warrior (unable to see you), a gnoll (unable to see you),
an orc (unable to see you) and a hobgoblin (unable to see you).

Vanquished Creatures
  An orc knight (Bailey)
  A wraith (D:6)
  A steam dragon (D:6)
  Menkaure (D:6)
  A water moccasin (D:7)
  2 black bears
  2 sky beasts (D:6)
  7 orc warriors
  The ghost of Juicyj the Chopper, an amateur MDMo (D:3)
  An ogre (D:4)
  A centaur (D:6)
  A phantom (D:4)
  A kobold brigand (D:6)
  2 bullfrogs (D:7)
  3 scorpions
  4 wights (D:6)
  2 howler monkeys (D:6)
  2 bombardier beetles
  2 orc priests (D:4)
  4 hounds
  3 jellies (Sewer)
  2 gnoll boudas
  5 iguanas
  A sleepcap (D:6)
  An orc wizard (D:4)
  8 gnolls
  11 adders
  A river rat (Sewer)
  A shadow imp (D:6)
  2 ufetubi (D:6)
  4 ribbon worms
  21 orcs
  19 endoplasms
  2 giant cockroaches (D:2)
  17 goblins
  7 hobgoblins
  3 jackals (D:5)
  A quokka (D:3)
  9 ball pythons
  4 bats
  5 frilled lizards
  15 kobolds
  12 rats
194 creatures vanquished.

Notes
Turn   | Place    | Note
-------+----------+-------------------------------------------
     0 | D:1      | Pooter the Minotaur Fighter began the quest for the Orb.
     0 | D:1      | Reached XP level 1. HP: 19/19 MP: 0/0
   135 | D:1      | Reached XP level 2. HP: 24/27 MP: 1/1
   342 | D:1      | Reached skill level 3 in Axes
   686 | D:2      | Found a faded altar of an unknown god.
   711 | D:2      | Reached skill level 1 in Throwing
   711 | D:2      | Reached XP level 3. HP: 33/33 MP: 2/2
   753 | D:2      | Identified the +6 mace "Masuppeff" {flame, *Rage rPois
                  | Int+6 Dex+4}
   801 | D:2      | Reached skill level 1 in Evocations
  1119 | D:2      | Reached XP level 4. HP: 40/40 MP: 3/3
  1338 | D:3      | Found a sacrificial altar of Ru.
  1348 | D:3      | Reached skill level 4 in Axes
  1573 | D:3      | Found a runed translucent door.
  1587 | D:3      | Noticed Juicyj's ghost (amateur MDMo)
  2186 | D:3      | Killed Juicyj's ghost
  2187 | D:3      | Reached XP level 5. HP: 34/47 MP: 4/4
  2191 | D:3      | Reached skill level 5 in Axes
  2248 | D:4      | Noticed a black bear
  2254 | D:4      | Killed a black bear
  2255 | D:4      | Reached skill level 5 in Fighting
  2255 | D:4      | Reached XP level 6. HP: 55/56 MP: 5/5
  2321 | D:4      | Found Heosilo's Weapon Shop.
  2371 | D:4      | Reached skill level 6 in Axes
  2408 | D:4      | Reached XP level 7. HP: 61/61 MP: 6/6
  2411 | D:4      | Found a staircase to the Ecumenical Temple.
  2452 | Temple   | Entered the Ecumenical Temple
  2834 | D:5      | Entered Level 5 of the Dungeon
  3139 | D:5      | Found Selutt's Weapon Shoppe.
  3164 | D:5      | Found a bloodstained altar of Trog.
  3384 | D:5      | Reached skill level 7 in Axes
  3661 | D:5      | Reached skill level 1 in Ranged Weapons
  3822 | D:6      | Found a burning altar of Makhleb.
  3833 | D:6      | Reached XP level 8. HP: 67/70 MP: 7/7
  3912 | D:6      | Found a transporter.
  3912 | D:6      | Noticed dragonking145's ghost (novice FoFi)
  3913 | D:6      | Found a transporter.
  3953 | D:6      | Reached skill level 8 in Axes
  4062 | D:6      | Found a glowing drain.
  4076 | Sewer    | Entered a sewer
  5427 | Sewer    | Found a viscous altar of Jiyva.
  5546 | D:6      | Found a shadowy altar of Dithmenos.
  5693 | D:6      | Reached skill level 9 in Axes
  6015 | D:6      | Noticed Menkaure
  6042 | D:6      | Reached skill level 5 in Ranged Weapons
  6059 | D:6      | Reached XP level 9. HP: 73/79 MP: 8/8
  6063 | D:6      | Killed Menkaure
  6579 | D:7      | Reached skill level 10 in Axes
  6720 | D:7      | Found a glowing silver altar of Zin.
  6780 | D:7      | Found a flagged portal.
  6803 | D:7      | Became a worshipper of Beogh the Shepherd
  6839 | Bailey   | Entered a bailey
  6878 | Bailey   | Reached skill level 1 in Invocations
  6883 | Bailey   | Noticed an orc knight
  6896 | Bailey   | Killed an orc knight
  6924 | Bailey   | Reached skill level 11 in Axes
  6947 | Bailey   | HP: 1/82 [orc warrior/+0 battleaxe (7)]
  6949 | Bailey   | Reached XP level 10. HP: 2/90 MP: 11/11
  6950 | Bailey   | Slain by a hobgoblin

Illustrated notes

Levels and vault maps discovered:
D:1:      amcnicky_arrival_single_pillar, layout_basic
D:2:      layout_loops_ring, shapermc_ecumenical_altar_totnotflames
D:3:      layout_basic, nicolae_ru_awakened_eye, ebering_ghost_sewer_d,
          hangedman_decor_push, nicolae_wormholes
D:4:      layout_cave_pools, minmay_temple_entry_proselytizer, serial_shops,
          shop
D:5:      layout_basic, general_overflow_altar, serial_shops,
          nicolae_shop_behind_doors, chequers_serial_rivers_micro_c
D:6:      layout_basic, bloody_makhleb, kennysheep_mini_moat,
          portal_sewer_entry_d, gammafunk_ghost_arena, minmay_three_doors,
          uniq_menkaure
D:7:      layout_loops_cross, fedhas_altar_4, lemuel_coloured_pillars_altar,
          enter_bailey_5, chequers_serial_rivers_micro_a
Temple:   nicolae_temple_bog_church
Bailey:   bailey_axe_minmay_hex_keep, bailey

Skill      XL: |  1  2  3  4  5  6  7  8  9 |
---------------+----------------------------+-----
Axes           | 3 4 5 6 7 9 11 | 11.1
Fighting       | 4 5 6 7 8 |  8.4
Throwing       | 1 2 3 |  3.7
Evocations     | 1 2 3 |  3.2
Ranged Weapons | 1 5 7 |  7.1
Invocations    | 3 |  3.0
Armour         | |  3.6
Shields        | |  3.6

Action                     |  1- 3 |  4- 6 |  7- 9 | 10-12 || total
---------------------------+-------+-------+-------+-------++-------
  Melee: War axe           |    25 |       |       |       ||    25
         Headbutt          |     8 |    12 |    34 |       ||    54
         Broad axe         |    33 |    73 |    97 |       ||   203
         Mace              |     6 |       |       |       ||     6
         Battleaxe         |       |       |    88 |       ||    88
   Fire: Sling             |       |       |    65 |       ||    65
  Throw: Boomerang         |       |     5 |     9 |       ||    14
         Dart              |       |       |     3 |       ||     3
 Invoke: Convert to Beogh  |       |       |     1 |       ||     1
    Use: Scroll            |     1 |     6 |     5 |       ||    12
         Potion            |       |       |     2 |     2 ||     4
 Armour: Scale mail        |    41 |    43 |       |       ||    84
         Chain mail        |       |       |   147 |       ||   147
         Plate armour      |       |       |    21 |     2 ||    23
  Dodge: Dodged            |    33 |    35 |    62 |       ||   130
  Block: Buckler           |    16 |    11 |    27 |       ||    54
         Other             |       |       |    21 |       ||    21

Table legend: (Time is in decaauts)
 A = Elapsed time spent in this place.
 B = Non-inter-level travel time spent in this place.
 C = Inter-level travel time spent in this place.
 D = Time resting spent in this place.
 E = Time spent auto-exploring this place.
 F = Levels seen in this place.
 G = Mean time per level.
                   A        B        C        D        E       F      G
               +--------+--------+--------+--------+--------+-----+--------+
         Total |   7132 |   6966 |    166 |   1500 |   3825 |  10 |  713.2 |
       Dungeon |   5436 |   5280 |    156 |    344 |   3639 |   7 |  776.6 |
        Temple |     99 |     89 |     10 |      0 |      0 |   1 |   99.0 |
         Sewer |   1480 |   1480 |      0 |   1147 |    185 |   1 | 1480.0 |
        Bailey |    116 |    116 |      0 |      9 |      0 |   1 |  116.0 |
               +--------+--------+--------+--------+--------+-----+--------+

Top non-repeatable levels by time:
   Sewer: 1480 daAuts
     D:6: 1312 daAuts
     D:5: 995 daAuts
     D:3: 937 daAuts
     D:2: 772 daAuts
     D:1: 594 daAuts
     D:4: 512 daAuts
     D:7: 311 daAuts
  Bailey: 116 daAuts
  Temple: 99 daAuts
